 Dungeon Crawl Stone Soup version 0.31-a0-596-g831eee08f1 (webtiles) character file.

Game seed: 4941304945507438715

35 tilp the Sneak (level 3, -2/26 HPs)
             Began as a Vampire Enchanter on Aug 21, 2023.
             Slain by a hound (4 damage)
             ... on level 2 of the Dungeon.
             The game lasted 00:02:44 (1668 turns).

tilp the Sneak (Vampire Enchanter)                  Turns: 1668, Time: 00:02:44

Health: -2/26      AC:  2    Str:  7    XL:     3   Next: 17%
Magic:  6/6        EV: 12    Int: 19    God:
Gold:   37         SH:  0    Dex: 14    Spells: 1/6 levels left

rFire   . . .        a - +1 dagger
rCold   . . .        (no shield)
rNeg    . . .        b - +0 robe
rPois   .            (no helmet)
rElec   .            (no cloak)
rCorr   .            (no gloves)
SInv    +            (no boots)
Will    .....        (no amulet)
Stlth   +++          (no ring)
HPRegen 0.44/turn    (no ring)
MPRegen 0.10/turn

%: no passive effects
@: mighty, healing quickly, invisible
A: alive, fangs 3, see invisible, vampiric 2
a: Exsanguinate


You were on level 2 of the Dungeon.
You visited 1 branch of the dungeon, and saw 2 of its levels.

You collected 37 gold pieces.

Inventory:

Hand Weapons
 a - a +1 dagger (weapon)
Missiles
 f - 4 poisoned darts (quivered)
 g - 4 stones
Armour
 b - a +0 robe (worn)
Scrolls
 j - a scroll of fog {unknown}
Potions
 c - a potion of invisibility
 i - a potion of berserk rage {unknown}
 k - a potion of heal wounds {unknown}


   Skills:
 * Level 1.1 Fighting
 * Level 2.1 Short Blades
 + Level 2.4 Dodging
 + Level 4.7 Stealth
 + Level 2.1 Spellcasting
 + Level 4.6 Hexes


You had one spell level left.
You knew the following spells:

 Your Spells              Type           Power      Damage    Failure   Level
a - Ensorcelled Hibernat  Hex/Ice        20%        N/A       10%         2
b - Confusing Touch       Hex            19%        N/A       8%          3

Your spell library contained the following spells:

 Spells                   Type           Power      Damage    Failure   Level
 Tukima's Dance           Hex            19%        N/A       8%          3
 Dazzling Flash           Conj/Hex       20%        N/A       19%         3
 Sublimation of Blood     Necr           2%         N/A       26%         2
 Wereblood                Tmut           2%         N/A       26%         2
 Summon Hydra             Summ           1%         N/A       100%        7


Dungeon Overview and Level Annotations

Branches:
Dungeon (2/15)

Altars:
Ashenzari

Annotations:
D:2 Robin


Innate Abilities, Weirdness & Mutations

Your natural rate of healing is accelerated.
You have razor-sharp teeth.
You have supernaturally acute eyesight. (SInv)
You are afflicted with vampirism and can become a bat while bloodless.


Message History

Unknown command.
The hound bites you but does no damage.
The goblin no longer looks unusually strong.
The hound bites you.
* * * LOW HITPOINT WARNING * * *
Unknown command.
Casting: Ensorcelled Hibernation (safe; 10% risk of failure)
Confirm with . or Enter, or press ? or * to list all spells.
Aiming: Ensorcelled Hibernation (safe; 10% risk of failure)
Press: ? - help, Shift-Dir - straight line, f/p - hound
Aim: a hound (heavily wounded, ally target, chance to affect: 52%)
The hound resists with significant effort.
The hound bites you.
* * * LOW HITPOINT WARNING * * *
Unknown command.
The hound pauses to sniff the ground.
The hound bites you.
* * * LOW HITPOINT WARNING * * *
Unknown command.
Unknown command.
Throw: 5 darts (poison)
Press: ? - help, Shift-Dir - straight line, f/p - hound
Aim: a hound (heavily wounded, ally target, 41% to hit)
You throw a poisoned dart. The poisoned dart hits the hound.
The hound is poisoned.
The hound is heavily wounded.
The hound closely misses you. The hound bites you.
* * * LOW HITPOINT WARNING * * *
Unknown command.
It was a potion of might.
You feel very mighty all of a sudden. The hound closely misses you.
Your frilled lizard barely misses the hound.
You fade into invisibility!
The hound barely misses you. The hound bites you but does no damage.
The goblin hits your frilled lizard with a +2 dagger of speed.
Your frilled lizard dies!
Your frilled lizard's corpse dissolves into shadows!
It was a potion of magic.
Magic courses through your body. The hound bites you.
You die...

#..................# #.#..#
###########.#..#...#####....#
#.#................
#..................
#####...........#.. #######
#..............#.
##.....####............#.#.
##.......##.......###.......
#.........#@)..)..#...###...
#.........#h#........## #..
#...........####.....#
#.........g#####...###
#..................#
#..................### .
#....................##...#
#.........g.........†...#
#......................##


You could see a hound (poisoned), Robin (wandering, unable to see you) and a
goblin (unable to see you).

Vanquished Creatures
  2 dart slugs (D:1)
  2 bats (D:1)
  5 endoplasms
  2 giant cockroaches (D:1)
  5 goblins
  2 hobgoblins
  2 jackals (D:1)
  A ball python (D:2)
  A frilled lizard (D:1)
  2 kobolds
  2 rats
26 creatures vanquished.

Vanquished Creatures (collateral kills)
  A goblin (D:2)
1 creature vanquished.

Grand Total: 27 creatures vanquished

Notes
Turn   | Place    | Note
-------+----------+-------------------------------------------
     0 | D:1      | tilp the Vampire Enchanter began the quest for the Orb.
     0 | D:1      | Reached XP level 1. HP: 13/13 MP: 3/3
   131 | D:1      | Reached XP level 2. HP: 20/20 MP: 5/5
   134 | D:1      | Learned a level 2 spell: Ensorcelled Hibernation
   715 | D:1      | Reached skill level 1 in Fighting
  1189 | D:2      | Found a broken altar of Ashenzari.
  1393 | D:2      | Gained mutation: You are afflicted with vampirism and can
                  | become a bat while bloodless. [Vampire growth]
  1393 | D:2      | Reached XP level 3. HP: 26/26 MP: 6/6
  1397 | D:2      | Learned a level 3 spell: Confusing Touch
  1635 | D:2      | Noticed Robin
  1665 | D:2      | HP: 1/26 [hound (2)]
  1668 | D:2      | Slain by a hound

Illustrated notes

Levels and vault maps discovered:
D:1:      tarquinn_simple_flora_water_c, layout_basic, chequers_big_river
D:2:      layout_rooms, basic_altar, kennysheep_generic_room_14, uniq_robin

Skill      XL: |  1  2 |
---------------+-------+-----
Fighting       | 1 |  1.1
Short Blades   | 2 |  2.1
Dodging        | |  2.4
Stealth        | |  4.7
Spellcasting   | |  2.1
Hexes          | |  4.6

Action                     || total
---------------------------++-------
  Melee: Dagger            ||    76
         Bite              ||     7
         Punch             ||     1
  Throw: Dart              ||     1
   Cast: Ensorcelled Hiber ||    19
    Use: Scroll            ||     5
         Potion            ||     3
   Stab: Sleeping          ||    15
 Armour: Robe              ||    13
  Dodge: Dodged            ||    42

Table legend: (Time is in decaauts)
 A = Elapsed time spent in this place.
 B = Non-inter-level travel time spent in this place.
 C = Inter-level travel time spent in this place.
 D = Time resting spent in this place.
 E = Time spent auto-exploring this place.
 F = Levels seen in this place.
 G = Mean time per level.
                   A        B        C        D        E       F      G
               +--------+--------+--------+--------+--------+-----+--------+
         Total |   1677 |   1634 |     43 |      0 |   1364 |   2 |  838.5 |
       Dungeon |   1677 |   1634 |     43 |      0 |   1364 |   2 |  838.5 |
               +--------+--------+--------+--------+--------+-----+--------+

Top non-repeatable levels by time:
     D:1: 1214 daAuts
     D:2: 463 daAuts
